 Dungeon Crawl Stone Soup version 0.17-a0-1887-g3e50df6 (webtiles) character file.

102 GrandHerb the Skirmisher (level 4, 0/41 HPs)
             Began as a Hill Orc Fighter on Sept 23, 2015.
             Killed from afar by an orc wizard (3 damage)
             ... with a puff of flame
             ... on level 2 of the Dungeon.
             The game lasted 00:20:13 (2377 turns).

GrandHerb the Skirmisher (Hill Orc Fighter)         Turns: 2377, Time: 00:20:13

Health: 0/41       AC: 10    Str: 18    XL:     4   Next: 78%
Magic:  4/4        EV:  7    Int:  8    God:
Gold:   159        SH:  9    Dex: 11    Spells: 0 memorised, 3 levels left

rFire  . . .     SeeInvis .     a - +0 trident
rCold  . . .     Clarity  .     b - +0 scale mail
rNeg   . . .     SustAt   .     c - +0 shield
rPois  .         Gourm    .     (no helmet)
rElec  .         Spirit   .     d - +2 cloak
rCorr  .         Warding  .     (no gloves)
rMut   .         Stasis   .     (no boots)
MR     .....                    v - amulet of inaccuracy (curse)
Stlth  ..........               (no ring)
                                (no ring)

@: not resistant to hostile enchantments, extremely unstealthy
A: no striking features
a: no special abilities


You were on level 2 of the Dungeon.
You were not hungry.

You visited 1 branch of the dungeon, and saw 3 of its levels.

You collected 159 gold pieces.

Inventory:

Hand weapons
 a - a +0 trident (weapon)
Missiles
 u - 8 javelins (quivered)
Armour
 b - a +0 scale mail (worn)
 c - a +0 shield (worn)
 d - a +2 cloak (worn)
Jewellery
 v - a cursed amulet of inaccuracy (around neck)
Scrolls
 h - a scroll of recharging {unknown}
 i - a scroll of magic mapping {unknown}
 l - a scroll of blinking {unknown}
 m - a scroll of teleportation {unknown}
 n - a scroll of remove curse {unknown}
 o - a scroll of noise
 p - a scroll of enchant armour
 r - a scroll of amnesia {unknown}
 s - a scroll of immolation {unknown}
 t - a scroll of identify {unknown}
Potions
 j - a potion of brilliance {unknown}
 k - a potion of magic {unknown}
 q - a potion of heal wounds {unknown}
Comestibles
 e - 7 bread rations
 f - 2 meat rations
 w - a slice of pizza
 x - 2 beef jerkies


   Skills:
 + Level 4.4 Fighting
 + Level 2.8 Polearms
 + Level 4.0 Armour
 + Level 1.3 Dodging
 + Level 3.9 Shields


You had 3 spell levels left.
You didn't know any spells.

Dungeon Overview and Level Annotations

Branches:
Dungeon (3/15)

Altars:
Trog


Message History

The orc wizard points at you and mumbles some strange words.
The puff of flame hits you!
* * * LOW HITPOINT WARNING * * *
The orc wizard casts a spell at you. The puff of frost hits you!
* * * LOW HITPOINT WARNING * * *
Found a stone staircase leading up.
The orc wizard casts a cantrip, but nothing happens.
There is a stone staircase leading up here.
The orc wizard points at you and mumbles some strange words.
The puff of frost hits you!
You climb upwards.
There is a stone staircase leading down here.
The orc wizard hits you but does no damage.
You closely miss the orc wizard.
The orc wizard is moderately wounded.
The orc wizard is no longer moving quickly.
The orc wizard points at you and mumbles some strange words.
The puff of flame hits you!
You die...

#.# #[.....#
#...........# #.#
#..#.#.######.....#######
#.# #..#.#............#
#.# #..#.########.....#
#.####..#.# #.....#
#.....<.>># ###.###
#..###..#.#### #.#
#.......#...>#######.#
#...##.##.#.o@.......#
#...##.##..###.#######
#..........# #...####
##..#####..###.#....##
#..#####.#...#......#####
#.........###.#.........#
##########.#.#......###.#
## ########.###.....# #.#
#. #.......[# #.....###.#
#.


You could see an orc wizard.

Vanquished Creatures
  Crazy Yiuf (D:2)
  2 adders (D:2)
  3 worms (D:2)
  A giant gecko (D:3)
  4 orcs (D:3)
  5 bats
  3 giant cockroaches
  5 hobgoblins
  3 jackals (D:2)
  A ball python (D:3)
  A giant newt (D:1)
  A goblin (D:1)
  6 kobolds
  7 rats
43 creatures vanquished.

Notes
Turn   | Place    | Note
--------------------------------------------------------------
     0 | D:1      | GrandHerb the Hill Orc Fighter began the quest for the Orb.
     0 | D:1      | Reached XP level 1. HP: 19/19 MP: 1/1
   390 | D:1      | Reached XP level 2. HP: 27/27 MP: 2/2
  1035 | D:2      | Reached XP level 3. HP: 29/33 MP: 3/3
  1038 | D:2      | Reached skill level 4 in Fighting
  1233 | D:2      | Reached skill level 1 in Dodging
  1433 | D:2      | Noticed Crazy Yiuf
  1693 | D:2      | Killed Crazy Yiuf
  1693 | D:2      | Reached XP level 4. HP: 15/41 MP: 4/4
  2266 | D:3      | Found a bloodstained altar of Trog.
  2369 | D:3      | HP: 1/41 [orc wizard/puff of frost (2)]
  2377 | D:2      | Killed from afar by an orc wizard

Vault maps used:
D:1:      matt_arrival_los_fun
D:2:      uniq_crazy_yiuf_cottage
D:3:      lemuel_doored_altar, minmay_misc_feat_doors, lemuel_tele_altar

Action                   |  1- 3 |  4- 6 || total
-------------------------+-------+-------++-------
Melee: Trident           |   135 |    87 ||   222
  Use: Potion            |     1 |     1 ||     2
       Scroll            |       |     2 ||     2
 Stab: Invisible         |     2 |       ||     2
  Eat: Chunk             |     2 |     3 ||     5
